 Dungeon Crawl Stone Soup version 0.17.0-22-g5edae84 (webtiles) character file.

161177 tp1 the Scorcher (level 17, -9/106 HPs)
             Began as a Deep Elf Conjurer on Nov 11, 2015.
             Was the Champion of Vehumet.
             Mangled by an eight-headed hydra (11 damage)
             ... on level 4 of the Swamp on Nov 12, 2015.
             The game lasted 04:44:14 (35747 turns).

tp1 the Scorcher (Deep Elf Conjurer)               Turns: 35747, Time: 04:44:16

Health: -9/106     AC:  9    Str:  5    XL:     17   Next: 19%
Magic:  15/57      EV: 18    Int: 28    God:    Vehumet [******]
Gold:   1762       SH:  0    Dex: 18    Spells: 9 memorised, 7 levels left

rFire  + + +     SeeInvis +     S - staff of wizardry
rCold  . . .     Clarity  .     K - +1 robe of the Journeyman {rF+++ rC- Dex+3 SInv}
rNeg   + + .     SustAt   .     (no shield)
rPois  +         Gourm    .     I - -2 hat of the Alchemist {rElec rPois rF+ rC+ rN+ MR+ rMut rCorr}
rElec  +         Spirit   .     H - +1 cloak {+Inv}
rCorr  +         Warding  +     m - +2 pair of gloves
rMut   +         Stasis   .     C - +2 pair of boots
MR     ++...                    t - amulet of warding
Stlth  +.........               g - ring of magical power
                                y - ring of magical power

@: invisible, very resistant to hostile enchantments, very unstealthy
A: no striking features
a: Renounce Religion


You were on level 4 of the Swamp.
You worshipped Vehumet.
Vehumet was exalted by your worship.
You were not hungry.

You visited 5 branches of the dungeon, and saw 31 of its levels.
You also visited: Labyrinth.

You collected 2843 gold pieces.
You spent 1081 gold pieces at shops.

Inventory:

Hand Weapons
 s - the +5 war axe "Kubuwy" {flame, rPois}
   (You found it on level 5 of the Dungeon)

   It has been specially enchanted to burn those struck by it, causing extra
   injury to most foes and up to half again as much damage against particularly
   susceptible opponents.
   Big, fiery blades are also staple armaments of hydra-hunters.
   It protects you from poison.
Armour
 b - the +1 helmet of Xuimauq {rPois MP+9 Int+4}
   (You took it off Robin on level 3 of the Dungeon)

   It affects your intelligence (+4).
   It protects you from poison.
   It affects your magic capacity (+9).
 m - a +2 pair of gloves (worn)
 C - a +2 pair of boots (worn)
 H - a +1 cloak of invisibility (worn)
 I - the -2 hat of the Alchemist (worn) {rElec rPois rF+ rC+ rN+ MR+ rMut rCorr}
   (You bought it in a shop on level 8 of the Dungeon)

   It protects you from fire.
   It protects you from cold.
   It insulates you from electricity.
   It protects you from poison.
   It protects you from negative energy.
   It affects your resistance to hostile enchantments.
   It protects you from acid and corrosion.
   It protects you from mutation.
 K - the +1 robe of the Journeyman (worn) {rF+++ rC- Dex+3 SInv}
   (You found it on level 7 of the Lair of Beasts)

   It affects your dexterity (+3).
   It renders you almost immune to fire.
   It makes you vulnerable to cold.
   It lets you see invisible.
Magical Staves
 l - an uncursed staff of earth
 S - an uncursed staff of wizardry (weapon)
Jewellery
 a - an uncursed amulet of stasis
 g - a ring of magical power (right hand)
 j - an uncursed amulet of clarity
 t - an amulet of warding (around neck)
 y - a ring of magical power (left hand)
 D - an uncursed amulet of the gourmand
 J - the amulet of the Air {Inacc +Fly rElec EV+5 RMsl}
   (You found it in a labyrinth)

   [amulet of inaccuracy]

   It reduces the accuracy of all your attacks.
   It affects your evasion (+5).
   It insulates you from electricity.
   It lets you fly.
   It protects you from missiles.
 L - an uncursed amulet of regeneration
Wands
 d - a wand of hasting (5)
 U - a wand of polymorph (18)
Scrolls
 h - 8 scrolls of teleportation
 k - 10 scrolls of remove curse
 p - 5 scrolls of immolation
 r - 3 scrolls of magic mapping
 x - a scroll of amnesia
 B - a scroll of blinking
 E - 4 scrolls of enchant weapon
 O - 8 scrolls of identify
 Q - 2 scrolls of recharging
 Y - a scroll of brand weapon
Potions
 n - 2 potions of curing
 q - 2 potions of heal wounds
 u - 3 potions of flight
 v - 4 potions of haste
 G - 2 potions of agility
 M - a potion of invisibility
 N - 3 potions of ambrosia
 V - 2 potions of cancellation
 X - 2 potions of brilliance
 Z - 6 potions of lignification
Books
 e - a book of Maledictions

   Spells                             Type                      Level
   a - Corona                         Hexes                        1
   b - Ensorcelled Hibernation        Hexes/Ice                    2
   c - Confuse                        Hexes                        3
   d - Tukima's Dance                 Hexes                        3
   e - Dazzling Spray                 Conjuration/Hexes            3
 f - a book of the Warp

   Spells                             Type                      Level
   a - Recall                         Summoning/Translocation      3
   b - Gell's Gravitas                Hexes/Translocation          3
   c - Force Lance                    Conjuration/Translocation    4
   d - Phase Shift                    Translocation                5
   e - Warp Weapon                    Charms/Translocation         5
   f - Summon Forest                  Summoning/Translocation      5
 i - a Young Poisoner's Handbook

   Spells                             Type                      Level
   a - Sting                          Conjuration/Poison           1
   b - Cure Poison                    Poison                       2
   c - Mephitic Cloud                 Conjuration/Poison/Air       3
   d - Olgreb's Toxic Radiance        Poison                       4
   e - Venom Bolt                     Conjuration/Poison           5
 o - a book of Callings

   Spells                             Type                      Level
   a - Summon Small Mammal            Summoning                    1
   b - Call Imp                       Summoning                    2
   c - Call Canine Familiar           Summoning                    3
   d - Summon Guardian Golem          Hexes/Summoning              3
   e - Summon Lightning Spire         Summoning/Air                4
   f - Summon Ice Beast               Ice/Summoning                4
 z - a book of the Earth

   Spells                             Type                      Level
   a - Leda's Liquefaction            Hexes/Earth                  4
   b - Bolt of Magma                  Conjuration/Fire/Earth       5
   c - Statue Form                    Transmutation/Earth          6
   d - Iron Shot                      Conjuration/Earth            6
   e - Shatter                        Earth                        9
 A - a Fen Folio

   Spells                             Type                      Level
   a - Corpse Rot                     Necromancy                   2
   b - Stone Arrow                    Conjuration/Earth            3
   c - Leda's Liquefaction            Hexes/Earth                  4
   d - Summon Forest                  Summoning/Translocation      5
   e - Hydra Form                     Transmutation                6
   f - Summon Hydra                   Summoning                    7
 P - a book of Power

   Spells                             Type                      Level
   a - Fulminant Prism                Conjuration/Hexes            4
   b - Iskenderun's Mystic Blast      Conjuration                  4
   c - Venom Bolt                     Conjuration/Poison           5
   d - Bolt of Magma                  Conjuration/Fire/Earth       5
   e - Iron Shot                      Conjuration/Earth            6
   f - Orb of Destruction             Conjuration                  7
   g - Spellforged Servitor           Conjuration/Summoning        7
 R - a book of Envenomations

   Spells                             Type                      Level
   a - Spider Form                    Transmutation/Poison         3
   b - Alistair's Intoxication        Transmutation/Poison         4
   c - Olgreb's Toxic Radiance        Poison                       4
   d - Poisonous Cloud                Conjuration/Poison/Air       6
 T - a Grand Grimoire

   Spells                             Type                      Level
   a - Monstrous Menagerie            Summoning                    6
   b - Summon Greater Demon           Summoning                    7
   c - Malign Gateway                 Summoning/Translocation      7
   d - Summon Horrible Things         Summoning                    8
Comestibles
 c - 6 bread rations
 w - 9 meat rations
 F - 2 slices of pizza
 W - 24 royal jellies


   Skills:
 - Level 12.0 Fighting
 - Level 4.2 Armour
 - Level 8.0 Dodging
 - Level 2.4 Stealth
 - Level 16.0 Spellcasting
 + Level 15.3 Conjurations
 - Level 3.4 Hexes
 - Level 11.0 Charms
 - Level 16.1 Fire Magic
 - Level 2.2 Air Magic
 - Level 10.0 Earth Magic
 - Level 2.6 Poison Magic


You had 7 spell levels left.
You knew the following spells:

 Your Spells              Type           Power        Failure   Level  Hunger
a - Magic Dart            Conj           ####         0%          1    None
b - Poisonous Cloud       Conj/Pois/Air  ######....   3%          6    ###....
c - Delayed Fireball      Conj/Fire      N/A          1%          7    #####..
d - Iskenderun's Battles  Conj/Chrm      #######.     1%          5    None
e - Iron Shot             Conj/Erth      #######...   1%          6    ###....
f - Fireball              Conj/Fire      #######...   1%          5    None
g - Tukima's Dance        Hex            #####...     1%          3    None
h - Bolt of Fire          Conj/Fire      #######...   1%          6    ###....
i - Orb of Destruction    Conj           #######...   1%          7    #####..


Dungeon Overview and Level Annotations

Branches:
Dungeon (15/15)            Temple (1/1) D:7            Lair (7/8) D:10
  Swamp (4/4) Lair:3       Spider (0/4) Lair:4        Slime (0/6) Lair:7
    Orc (4/4) D:12            Elf (0/3) Orc:3        Vaults (0/5) D:14
 Depths (0/5) D:15

Altars:
Ashenzari
Cheibriados
Dithmenos
Elyvilon
Fedhas
Gozag
Kikubaaqudgha
Makhleb
Nemelex Xobeh
Okawaru
Qazlal
Ru
Sif Muna
Trog
Vehumet
Xom
Yredelemnul
Zin
The Shining One
Beogh
Jiyva

Shops:
D:8 [   D:12 !   Orc:1 =   Orc:4 *%?[


Message History

The eight-headed hydra bites you!
* * * LOW HITPOINT WARNING * * *
The eight-headed hydra barely misses you.
The eight-headed hydra bites you!
* * * LOW HITPOINT WARNING * * *
The four-headed hydra bites you!
* * * LOW HITPOINT WARNING * * *
The four-headed hydra barely misses you.
The four-headed hydra closely misses you.
The four-headed hydra bites you.
* * * LOW HITPOINT WARNING * * *
Drink which item? (? for menu, Esc to quit)
You fade into invisibility!
The eight-headed hydra closely misses you.
The eight-headed hydra misses you.
The eight-headed hydra barely misses you.
The eight-headed hydra bites you.
* * * LOW HITPOINT WARNING * * *
The eight-headed hydra bites you!
You die...

♣♣♣♣♣♣♣.≈≈≈≈≈≈≈.♣♣
♣♣..≈..♣≈≈≈≈≈≈♣≈≈≈♣
♣♣≈≈≈..≈♣.≈≈≈≈≈♣≈≈.♣♣♣
♣.≈≈≈...≈≈.≈≈%♣♣...≈.♣
♣♣..≈≈.♣...≈≈≈.....≈≈≈♣
♣♣.≈≈≈≈...†.≈≈≈..§....♣
♣♣.≈≈≈≈≈..≈≈.§≈≈...≈♣♣♣♣
♣.≈≈≈≈≈≈≈≈≈....≈≈..≈♣♣ #≈
♣≈≈≈≈≈≈yD@≈≈♣♣.≈≈≈..≈♣ ♣≈
♣♣≈≈≈≈≈§D§≈§♣♣.≈≈≈.♣♣♣ ...
♣.≈≈≈≈≈§§§♣♣♣♣♣...♣♣♣♣ ...
♣≈≈≈.≈..♣♣♣♣♣♣≈.≈...≈♣ ≈.§.
♣♣.≈..k≈♣♣.≈.♣≈≈≈).≈.♣♣♣♣♣
§D≈§♣♣♣≈.†.≈♣♣♣♣≈≈≈.≈≈≈....≈≈≈≈♣
.≈≈§§§♣≈..♣♣♣♣♣≈.≈≈.≈≈≈≈≈.♣≈≈≈.♣
.≈††§§§≈≈≈♣ ♣.≈≈≈..≈≈≈≈≈≈♣≈..♣♣
.≈.♣♣♣♣≈§♣♣ ♣♣≈≈≈≈.≈≈≈≈≈≈.♣≈≈≈♣


You could see an eight-headed hydra, a four-headed hydra, a swamp drake and a
wasp (confused).

Vanquished Creatures
  7 thorn hunters
  Agnes (D:15)
  Kirke (D:14)
  An orc warlord (Orc:4)
  An ironheart preserver (D:14)
  2 very ugly things
  4 vault guards (D:14)
  3 ogre magi
  A minotaur (Lab)
  A yaktaur captain (D:15)
  A ghost crab (Swamp:3)
  Harold (Lair:1)
  7 alligators
  2 centaur warriors
  17 hydras
  A tengu warrior (D:14)
  2 orc high priests (Orc:4)
  4 skeletal warriors (D:13)
  An unseen horror (D:11)
  5 swamp dragons
  A spriggan druid (Swamp:3)
  2 deep trolls (Orc:4)
  8 hill giants
  2 orc knights
  A wolf spider (Lair:4)
  4 shambling mangroves
  A lindwurm (Orc:1)
  5 cyclopes
  An oklob plant (Swamp:2)
  3 griffons
  29 ugly things
  12 elephants
  3 hornets
  6 black mambas
  4 gargoyles
  An efreet (D:14)
  6 kobold demonologists
  23 spiny frogs
  8 komodo dragons
  A yaktaur (D:15)
  A jumping spider (Lair:4)
  11 trolls
  5 fire drakes
  3 freezing wraiths
  2 polar bears
  A queen bee (Lair:1)
  7 giant leeches
  11 two-headed ogres
  13 blink frogs
  2 bog bodies
  A boulder beetle (Lair:6)
  38 slime creatures
  A centaur simulacrum (D:14)
  A shadow (Swamp:1)
  A vampire (D:14)
  9 spriggans
  2 wraiths
  2 redbacks (Lair:4)
  4 deep elf magi
  42 yaks
  2 hogs (D:14)
  5 wyverns
  A steam dragon (Lair:5)
  A deep elf fighter (D:15)
  6 basilisks
  11 hippogriffs
  A harpy simulacrum (D:15)
  3 wargs (Orc:4)
  Edmund (D:5)
  14 wolves
  A soldier ant (D:14)
  A hell hound (Lair:5)
  5 insubstantial wisps (Swamp:1)
  26 vampire mosquitoes
  2 mottled dragons
  21 swamp worms
  17 water moccasins
  10 porcupines
  4 ice beasts
  7 sky beasts
  3 black bears
  A necrophage (D:10)
  9 swamp drakes
  A phantom (D:6)
  An eye of draining (D:9)
  11 crocodiles
  19 wasps
  27 orc warriors
  38 ogres
  12 centaurs
  A brain worm (D:14)
  17 giant frogs
  3 big kobolds (D:14)
  A wyvern zombie (D:12)
  A wyvern skeleton (D:7)
  31 killer bees
  An oklob sapling (Swamp:2)
  5 scorpions
  15 wights
  10 crimson imps
  5 centaur zombies
  A gnoll shaman (D:4)
  30 orc priests
  7 jellies
  40 orc wizards
  6 centaur skeletons
  13 iguanas
  A quasit (D:6)
  7 hounds
  12 worker ants
  Jessica (D:3)
  9 hell rats
  3 giant frog skeletons
  32 sheep
  A hound skeleton (D:4)
  Robin (D:3)
  16 gnolls
  A worker ant zombie (D:7)
  11 adders
  28 river rats
  3 shadow imps
  7 oozes
  An adder skeleton (D:6)
  5 worms
  5 giant geckos
  223 orcs
  8 bats
  8 giant cockroaches
  20 goblins
  13 hobgoblins
  2 jackals (D:8)
  10 kobolds
  4 quokkas
  2 ball pythons
  2 giant gecko skeletons (D:5)
  3 giant newts
  9 rats
1237 creatures vanquished.

Vanquished Creatures (collateral kills)
  An orc knight (Orc:4)
  A hippogriff (D:14)
  An orc warrior (D:14)
  An orc priest (D:14)
  2 orc wizards (Orc:4)
  2 orcs
8 creatures vanquished.

Vanquished Creatures (others)
  A dancing weapon (Orc:1)
  2 humans (D:14)
  14 fungi
  2 plants
19 creatures vanquished.

Grand Total: 1264 creatures vanquished

Notes
Turn   | Place    | Note
--------------------------------------------------------------
     0 | D:1      | tp1 the Deep Elf Conjurer began the quest for the Orb.
     0 | D:1      | Reached XP level 1. HP: 10/10 MP: 6/6
   179 | D:1      | Reached XP level 2. HP: 15/15 MP: 8/8
   183 | D:1      | Learned a level 2 spell: Searing Ray
   224 | D:1      | Reached skill level 5 in Conjurations
   689 | D:2      | Reached XP level 3. HP: 19/19 MP: 8/9
   915 | D:2      | Reached skill level 6 in Conjurations
   932 | D:2      | Reached XP level 4. HP: 24/24 MP: 10/10
  1059 | D:2      | Found a deep blue altar of Sif Muna.
  1066 | D:2      | Found a glowing golden altar of the Shining One.
  1067 | D:2      | Found a sparkling altar of Nemelex Xobeh.
  1068 | D:2      | Found an ancient bone altar of Kikubaaqudgha.
  1069 | D:2      | Found a shattered altar of Ashenzari.
  1070 | D:2      | Found a shimmering altar of Xom.
  1074 | D:2      | Found a shadowy altar of Dithmenos.
  1342 | D:3      | Noticed Robin
  1353 | D:3      | Killed Robin
  1359 | D:3      | Got a dazzling helmet
  1365 | D:3      | Identified the +1 helmet of Xuimauq {rPois MP+9 Int+4} (You took it off Robin on level 3 of the Dungeon)
  1654 | D:3      | Reached XP level 5. HP: 28/28 MP: 14/14
  1701 | D:3      | Reached skill level 5 in Spellcasting
  1708 | D:3      | Learned a level 5 spell: Iskenderun's Battlesphere
  1730 | D:3      | Noticed Jessica
  1733 | D:3      | Killed Jessica
  1733 | D:3      | Reached skill level 1 in Charms
  1970 | D:4      | Noticed an ogre
  1973 | D:4      | Killed an ogre
  1973 | D:4      | Reached XP level 6. HP: 32/32 MP: 16/16
  1995 | D:4      | Reached skill level 5 in Charms
  2229 | D:4      | Noticed an orc warrior
  2231 | D:4      | Reached skill level 7 in Charms
  2231 | D:4      | Reached XP level 7. HP: 36/36 MP: 17/17
  2237 | D:4      | Killed an orc warrior
  2239 | D:4      | Reached skill level 8 in Charms
  2647 | D:5      | Entered Level 5 of the Dungeon
  2833 | D:5      | Got a slimy war axe
  2834 | D:5      | Identified the +5 war axe "Kubuwy" {flame, rPois} (You found it on level 5 of the Dungeon)
  2954 | D:5      | Reached XP level 8. HP: 27/41 MP: 18/18
  3051 | D:5      | Noticed Edmund
  3056 | D:5      | Killed Edmund
  3110 | D:5      | Reached skill level 9 in Conjurations
  3124 | D:5      | Learned a level 5 spell: Bolt of Magma
  3283 | D:5      | Reached skill level 1 in Fire Magic
  3460 | D:6      | Found a blossoming altar of Fedhas.
  3474 | D:6      | Reached skill level 5 in Fire Magic
  3632 | D:6      | Reached skill level 1 in Earth Magic
  3745 | D:6      | Reached XP level 9. HP: 45/45 MP: 19/19
  3774 | D:6      | Reached skill level 5 in Earth Magic
  4074 | D:7      | Found a staircase to the Ecumenical Temple.
  4410 | Temple   | Entered the Ecumenical Temple
  4481 | Temple   | Became a worshipper of Vehumet
  4818 | D:8      | Found Egyips's Antique Armour Shop.
  4955 | D:8      | Reached skill level 10 in Earth Magic
  4962 | D:8      | Reached * piety under Vehumet
  4962 | D:8      | Offered knowledge of Flame Tongue by Vehumet.
  5126 | D:8      | Reached XP level 10. HP: 50/50 MP: 17/21
  5185 | D:8      | Noticed a hill giant
  5197 | D:8      | Killed a hill giant
  5834 | D:9      | Reached skill level 10 in Spellcasting
  5908 | D:9      | Reached skill level 1 in Fighting
  5926 | D:9      | Offered knowledge of Freeze by Vehumet.
  5928 | D:9      | Reached ** piety under Vehumet
  6004 | D:9      | Learned a level 6 spell: Iron Shot
  6557 | D:10     | Entered Level 10 of the Dungeon
  6623 | D:10     | Reached skill level 5 in Fighting
  6688 | D:10     | Found a staircase to the Lair.
  7151 | D:10     | Reached XP level 11. HP: 62/64 MP: 27/27
  7280 | Lair:1   | Entered Level 1 of the Lair of Beasts
  7472 | Lair:1   | Offered knowledge of Static Discharge by Vehumet.
  7500 | Lair:1   | Reached *** piety under Vehumet
  7962 | Lair:1   | Noticed Harold
  7966 | Lair:1   | Killed Harold
  7966 | Lair:1   | Offered knowledge of Sticky Flame by Vehumet.
  8606 | Lair:2   | Reached skill level 5 in Dodging
  8737 | Lair:2   | Noticed a five-headed hydra
  8741 | Lair:2   | Killed a five-headed hydra
  9128 | Lair:3   | Reached **** piety under Vehumet
  9284 | Lair:3   | Found a staircase to the Swamp.
  9354 | Lair:3   | Offered knowledge of Stone Arrow by Vehumet.
  9389 | Lair:3   | Reached XP level 12. HP: 72/72 MP: 20/28
  9636 | Lair:3   | Upgraded the game from 0.17.0-18-gaab0e96 to 0.17.0-22-g5edae84
 10281 | Lair:4   | Noticed a seven-headed hydra
 10286 | Lair:4   | Killed a seven-headed hydra
 10315 | Lair:4   | Noticed a four-headed hydra
 10318 | Lair:4   | Killed a four-headed hydra
 10318 | Lair:4   | Reached skill level 10 in Fire Magic
 10702 | Lair:4   | Reached skill level 11 in Fire Magic
 10775 | Lair:4   | Found a hole to the Spider Nest.
 11090 | Lair:4   | Noticed a seven-headed hydra
 11095 | Lair:4   | Killed a seven-headed hydra
 11095 | Lair:4   | Reached skill level 12 in Fire Magic
 11178 | Lair:4   | Reached ***** piety under Vehumet
 11178 | Lair:4   | Offered knowledge of Venom Bolt by Vehumet.
 11507 | Lair:4   | Noticed a five-headed hydra
 11513 | Lair:4   | Killed a five-headed hydra
 11957 | Lair:4   | Found a hole to the Spider Nest.
 12315 | Lair:5   | Reached XP level 13. HP: 71/76 MP: 31/31
 12503 | Lair:5   | Noticed a six-headed hydra
 12513 | Lair:5   | Killed a six-headed hydra
 12513 | Lair:5   | Reached skill level 10 in Charms
 13176 | Lair:5   | Offered knowledge of Fireball by Vehumet.
 13188 | Lair:5   | Learned a level 5 spell: Fireball
 13533 | Lair:5   | Reached skill level 10 in Conjurations
 14786 | Lair:6   | Found a labyrinth entrance.
 14800 | Lab      | Entered a labyrinth
 14975 | Lab      | Got a distressingly furry leather armour
 14986 | Lab      | Identified the +2 leather armour "Wirreme" {Stlth+} (You took it off a minotaur in a labyrinth)
 16243 | Lair:7   | Got a crude robe
 16254 | Lair:7   | Identified the +1 robe of the Journeyman {rF+++ rC- Dex+3 SInv} (You found it on level 7 of the Lair of Beasts)
 16673 | Lair:7   | Found a viscous altar of Jiyva.
 16673 | Lair:7   | Found a staircase to the Slime Pits.
 16936 | Lair:7   | Reached skill level 13 in Conjurations
 17484 | D:8      | Bought the -2 hat of the Alchemist {rElec rPois rF+ rC+ rN+ MR+ rMut rCorr} for 991 gold pieces
 17610 | D:11     | Reached skill level 1 in Armour
 17782 | D:11     | Reached XP level 14. HP: 49/82 MP: 32/32
 18376 | D:12     | Found a staircase to the Orcish Mines.
 18627 | D:12     | Learned a level 6 spell: Poisonous Cloud
 18841 | D:12     | Learned a level 3 spell: Tukima's Dance
 18865 | D:12     | Reached skill level 1 in Poison Magic
 18884 | D:12     | Found Unwib's Distillery.
 18892 | D:12     | Bought a potion of heal wounds for 90 gold pieces
 19340 | Orc:1    | Entered Level 1 of the Orcish Mines
 19418 | Orc:1    | Found Argheo's Jewellery Emporium.
 19505 | Orc:1    | Reached skill level 1 in Hexes
 19551 | Orc:1    | Found a roughly hewn altar of Beogh.
 19891 | Orc:2    | Offered knowledge of Lee's Rapid Deconstruction by Vehumet.
 20118 | Orc:1    | Reached skill level 1 in Air Magic
 20346 | Orc:2    | Found a roughly hewn altar of Beogh.
 21225 | Orc:3    | Reached ****** piety under Vehumet
 21282 | Orc:3    | Found a staircase to the Elven Halls.
 21328 | Orc:4    | Entered Level 4 of the Orcish Mines
 21332 | Orc:4    | Offered knowledge of Bolt of Fire by Vehumet.
 21898 | Orc:4    | Learned a level 6 spell: Bolt of Fire
 22007 | Orc:4    | Noticed an orc warlord
 22019 | Orc:4    | Killed an orc warlord
 22414 | Orc:4    | Found a roughly hewn altar of Beogh.
 22571 | Orc:4    | Offered knowledge of Delayed Fireball by Vehumet.
 22571 | Orc:4    | Reached skill level 14 in Spellcasting
 22773 | Orc:3    | Learned a level 7 spell: Delayed Fireball
 22876 | Orc:4    | Found Aryal's Food Boutique.
 22879 | Orc:4    | Found Usyb's General Store.
 23188 | Orc:4    | Reached skill level 15 in Spellcasting
 23303 | Orc:4    | Found Mafoid's Magic Scroll Shoppe.
 23375 | Orc:4    | Found Niej's Armour Shop.
 24252 | D:13     | Found a deep blue altar of Sif Muna.
 24651 | D:13     | Reached XP level 15. HP: 88/88 MP: 36/36
 25237 | D:14     | Found a gate to the Vaults.
 25241 | D:14     | Offered knowledge of Orb of Destruction by Vehumet.
 25595 | D:14     | Noticed Kirke
 25630 | D:14     | Learned a level 7 spell: Orb of Destruction
 25791 | D:14     | Reached skill level 10 in Fighting
 25932 | D:14     | Found a shadowy altar of Dithmenos.
 26042 | D:14     | Killed Kirke
 26689 | D:15     | Entered Level 15 of the Dungeon
 26753 | D:15     | Offered knowledge of Freezing Cloud by Vehumet.
 27558 | D:15     | Noticed Agnes
 27560 | D:15     | Killed Agnes
 28431 | D:15     | Found a staircase to the Depths.
 28752 | Lair:3   | Found a staircase to the Swamp.
 28761 | Swamp:1  | Entered Level 1 of the Swamp
 29726 | Swamp:1  | Reached XP level 16. HP: 63/101 MP: 18/37
 30529 | Swamp:1  | Offered knowledge of Fire Storm by Vehumet.
 30529 | Swamp:1  | Offered knowledge of Chain Lightning by Vehumet.
 30529 | Swamp:1  | Offered knowledge of Tornado by Vehumet.
 31048 | Swamp:2  | Found a frozen archway.
 31334 | Swamp:2  | Reached skill level 15 in Fire Magic
 32029 | Swamp:2  | Reached skill level 16 in Fire Magic
 34755 | Swamp:3  | Reached XP level 17. HP: 92/106 MP: 11/38
 34894 | Swamp:3  | Reached skill level 15 in Conjurations
 34934 | Swamp:4  | Entered Level 4 of the Swamp
 35747 | Swamp:4  | HP: 2/106 [eight-headed hydra (5)]
 35747 | Swamp:4  | Mangled by an eight-headed hydra

Action                   |  1- 3 |  4- 6 |  7- 9 | 10-12 | 13-15 | 16-18 || total
-------------------------+-------+-------+-------+-------+-------+-------++-------
Melee: War axe           |       |       |     5 |       |       |       ||     5
       Staff             |       |       |       |       |     1 |       ||     1
Throw: Javelin           |     3 |       |       |       |       |       ||     3
 Cast: Magic Dart        |    54 |    72 |   190 |   371 |   859 |   235 ||  1781
       Searing Ray       |     7 |    14 |    13 |     8 |       |       ||    42
       Iskenderun's Batt |       |     5 |    42 |    88 |   184 |    59 ||   378
       Iron Shot         |       |       |       |    39 |    74 |    97 ||   210
       Bolt of Magma     |       |       |       |    18 |    10 |       ||    28
       Fireball          |       |       |       |       |    48 |    16 ||    64
       Bolt of Fire      |       |       |       |       |    97 |    20 ||   117
       Tukima's Dance    |       |       |       |       |    10 |       ||    10
       Poisonous Cloud   |       |       |       |       |     8 |     1 ||     9
       Delayed Fireball  |       |       |       |       |     3 |       ||     3
       Orb of Destructio |       |       |       |       |    22 |    44 ||    66
 Abil: Release Delayed F |       |       |       |       |     2 |     1 ||     3
  Use: Scroll            |       |       |    11 |    22 |     9 |     2 ||    44
       Potion            |       |       |       |     2 |     4 |     5 ||    11
  Eat: Chunk             |       |     5 |    20 |    44 |   101 |     5 ||   175
       Bread ration      |       |       |       |     2 |       |     6 ||     8
       Pizza             |       |       |       |       |       |     2 ||     2
       Meat ration       |       |       |       |       |       |     1 ||     1
